Get step-by-step instructions on how to execute this build order below. Start the game timer, and the build order will tick by so you can play in parallel with StarCraft on a second screen or mobile device.

Game Time

  0:00

Last Step

  N/A

Next Step

Upcoming Step



Don't want to look back and forth between 2 screens? Try out our Overwolf App, the Spawning Tool Build Advisor to get an in-game overlay with this build!

Complete Build Order

  12  0:01  Probe (Chrono Boost)  
  13  0:11  Probe (Chrono Boost)  
  14  0:18  Pylon  
  14  0:22  Probe (Chrono Boost)  
  15  0:36  Probe (Chrono Boost)  
  15  0:38  Gateway  
  16  0:47  Probe (Chrono Boost)  
  16  0:49  Assimilator  
  17  0:58  Probe (Chrono Boost)  
  17  1:00  Assimilator  
  18  1:08  Probe (Chrono Boost)  
  19  1:19  Probe (Chrono Boost)  
  20  1:26  Cybernetics Core  
  20  1:32  Probe (Chrono Boost)  
  21  1:42  Probe (Chrono Boost)  
  22  1:53  Probe (Chrono Boost)  
  23  2:05  Pylon  
  23  2:11  Nexus  
  23  2:15  Warp Gate (Chrono Boost)  
  23  2:21  Pylon  
  23  2:28  Stalker  
  25  2:35  Probe  
  26  2:46  Stargate  
  26  2:47  Probe  
  27  2:59  Probe  
  27  3:05  Assimilator  
  28  3:11  Probe  
  29  3:16  Pylon  
  29  3:22  Sentry  
  29  3:23  Probe  
  29  3:26  Oracle (Chrono Boost)  
  32  3:31  Probe  
  36  3:35  Probe  
  37  3:41  Gateway  
  37  3:43  Probe  
  37  3:47  Probe  
  39  3:55  Probe  
  40  3:59  Probe  
  40  4:01  Oracle  
  41  4:07  Probe, Gateway  
  43  4:33  Zealot